Construct Light Support Kompanie
Panzerjäger Mechanized Group
Selects L6/40 Light Tank Combat Group
L6/40 Light Tank Combat Group
Selects Defensive Operations
Selects Territory Booby Traps
Construct Mechanized Kompanie
Marder III Tank Destroyer
254 Reconnaissance Tractor
Selects Obice 305mm Barrage
254 Reconnaissance Tractor
Marder III Tank Destroyer
Selects Towed Cannone da 105/28 Field Howitzer
Marder III Tank Destroyer
Panzerjäger Mechanized Group
Selects Towed Cannone da 105/28 Field Howitzer
Marder III Tank Destroyer
254 Reconnaissance Tractor
Construct Panzerarmee Kommand